 Dungeon Crawl Stone Soup version 0.32-a0-599-gba8f9cf90e (webtiles) character file.

Game seed: 12067414599123947683

1548 cforsyth the Reanimator (level 8, 0/74 HPs)
             Began as a Mountain Dwarf Necromancer on Mar 3, 2024.
             Succumbed to a gnoll's poison
             ... on level 4 of the Dungeon.
             The game lasted 00:15:15 (6625 turns).

cforsyth the Reanimator (MDNe)                      Turns: 6625, Time: 00:15:15

Health: 0/74       AC: 16    Str: 12    XL:     8   Next: 57%
Magic:  10/10      EV: 11    Int: 17    God:
Gold:   219        SH:  5    Dex: 10    Spells: 5/10 levels left

rFire   . . .        d - +2 whip (flame)
rCold   . . .        (no shield)
rNeg    + + +        l - +8 chain mail "Mop Woi" {*Corrode +Blink rN+++ Will-}
rPois   .            (no helmet)
rElec   .            (no cloak)
rCorr   .            (no gloves)
SInv    .            (no boots)
Will    .....        o - amulet of reflection Stlth
                     Y - +4 ring of slaying
HPRegen 0.32/turn    E - +5 ring of evasion
MPRegen 0.12/turn

%: corrode self (3%), reflection
@: lethally poisoned (0 -> -4), attractive
A: runic magic, artefact enchanting
a: Evoke Blink


You were on level 4 of the Dungeon.
You visited 1 branch of the dungeon, and saw 5 of its levels.
You also visited: Sewer.

You collected 219 gold pieces.


Innate Abilities, Weirdness & Mutations

Your spellcasting is much less encumbered by armour.
You can use scrolls of enchantment on lesser artefacts.


   Skills:
 + Level 8.2 Fighting
 - Level 1.3 Dodging
 - Level 1.4 Stealth
 - Level 1.7 Spellcasting
 + Level 9.5 Necromancy


You had 5 spell levels left.
You knew the following spells:

 Your Spells              Type           Power      Damage    Failure   Level
a - Animate Dead          Necr           33%        N/A       9%          4
X - Necrotise             Necr           100%       1d9       1%          1

Your spell library contained the following spells:

 Spells                   Type           Power      Damage    Failure   Level
 Vampiric Draining        Necr           33%        2d8       2%          3
 Curse of Agony           Necr           33%        N/A       26%         5
 Tukima's Dance           Hex            1%         N/A       80%         3
 Dimensional Bullseye     Hex/Tloc       0%         N/A       99%         4
 Iskenderun's Mystic Bla  Conj/Tloc      1%         2d3       99%         4

Inventory:

Hand Weapons
 d - a +2 whip of flaming (weapon)
 m - a +0 dagger
 n - a +1 heavy whip
Armour
 a - a +0 robe
 k - a +0 pair of boots
 l - the +8 chain mail "Mop Woi" (worn) {*Corrode +Blink rN+++ Will-}
   (You found it on level 2 of the Dungeon)

   rN+++:     It renders you almost immune to negative energy.
   Will-:     It decreases your willpower.
   +Blink:    It lets you blink.
   *Corrode:  It may corrode you when you take damage.
Jewellery
 o - an amulet of reflection (around neck)
 E - a +5 ring of evasion (right hand)
 F - a ring of protection from fire
 Y - a +4 ring of slaying (left hand)
Wands
 i - a wand of flame (9)
Scrolls
 f - a scroll of immolation
 h - a scroll of enchant weapon
 j - 2 scrolls of torment
 q - a scroll of revelation
 t - a scroll of identify {@r1}
Potions
 b - a potion of magic
 c - 2 potions of mutation

Dungeon Overview and Level Annotations

Branches:
Dungeon (5/15)              Sewer (visited)
 Temple: D:4-7

Altars:
Kikubaaqudgha
Sif Muna
Vehumet

Annotations:
D:2 Robin
D:4 Duvessa

○* *,,,,,,,,,,,,,,,,,,,,,,*
§* *,,,,............,,,,,,*
,*****,,,,,..........,,,*,,**
*,,,,,,,,,,,........*******,*
*,,,,,,,,,,,,......#* ***
,,,,,,,,,,,,,,.....#
**,,,,,,,,,,,,#§...#
*,,,,,,,,,,,,#gg..#
*,,,,,,,,,,,,*#@..#
**,,,,,,,,,,**#..)#
*,,,,,,,,,** #...#
*,,,,,,,*** #...# **,,,,,**
##..# **,***** #..# *,,*
#..## ***,** #...#
,,,,******* #...#


You could see 2 gnolls.


Message History

You feel very sick.
The gnoll hits you from afar with a +2 spear of venom.
* * * LOW HITPOINT WARNING * * *
The gnoll misses you. The gnoll hits you with a +0 whip.
* * * LOW HITPOINT WARNING * * *
Unknown command.
Unknown command.
You closely miss the gnoll.
The gnoll is severely wounded.
* * * LOW HITPOINT WARNING * * *
You feel very sick.
The gnoll is no longer moving quickly.
The gnoll barely misses you. The gnoll hits you with a +0 club.
* * * LOW HITPOINT WARNING * * *
The gnoll barely misses you. You block the gnoll's attack.
Unknown command.
Unknown command.
You hit the gnoll. You burn the gnoll.
You kill the gnoll!
* * * LOW HITPOINT WARNING * * *
You feel sick. The gnoll closely misses you. You block the gnoll's attack.
The gnoll is attracted toward you.
Unknown command.
Unknown command.
Unknown command.
Unknown command.
Unknown command.
You whack the gnoll! You burn the gnoll.
The gnoll is severely wounded.
You die...

Skill      XL: |  1  2  3  4  5  6  7  8 |
---------------+-------------------------+-----
Fighting       | 1 2 4 5 7 8 |  8.2
Necromancy     | 5 6 7 9 |  9.5
Dodging        | |  1.3
Stealth        | |  1.4
Spellcasting   | |  1.7

Action                     |  1- 3 |  4- 6 |  7- 9 || total
---------------------------+-------+-------+-------++-------
  Melee: Unarmed           |    84 |     1 |       ||    85
         Punch             |     2 |       |       ||     2
         Whip              |       |    31 |   166 ||   197
   Cast: Necrotise         |    52 |    91 |    55 ||   198
         Animate Dead      |       |       |     3 ||     3
    Use: Scroll            |       |     3 |    10 ||    13
         Potion            |       |       |     8 ||     8
   Stab: Distracted        |       |     2 |       ||     2
 Armour: Robe              |    48 |       |       ||    48
         Chain mail        |    70 |    51 |   191 ||   312
  Dodge: Dodged            |    55 |    41 |    92 ||   188
  Block: Other             |       |       |    29 ||    29

Levels and vault maps discovered:
D:1:      nagdon_arrival_zigzag_paths, layout_rooms,
          minmay_misc_feat_more_columns, nrook_loot_triangle,
          serial_park_tiny_1, due_unseen_surprise
D:2:      layout_basic, uniq_robin, uniq_sigmund, uniq_natasha
D:3:      layout_basic
D:4:      layout_cave_pods, grunt_temple_overflow_magic_moments, minivault_23,
          lemuel_flame_loot_1, uniq_duvessa, uniq_pikel
D:5:      layout_gridville, lightli_sewer_entry_pipes

Notes
Turn   | Place    | Note
-------+----------+-------------------------------------------
     0 | D:1      | cforsyth the Mountain Dwarf Necromancer began the quest for
                  | the Orb.
     0 | D:1      | Reached XP level 1. HP: 14/14 MP: 3/3
   169 | D:1      | Reached skill level 1 in Fighting
   249 | D:1      | Reached XP level 2. HP: 12/23 MP: 0/4
  1005 | D:2      | Identified the +8 chain mail "Mop Woi" {*Corrode +Blink
                  | rN+++ Will-}
  1026 | D:2      | Noticed Natasha
  1047 | D:2      | HP: 2/24 [cerulean imp/+1 spear[Natasha] (3)]
  1048 | D:2      | Killed Natasha
  1049 | D:2      | Reached skill level 2 in Fighting
  1049 | D:2      | Reached skill level 5 in Necromancy
  1049 | D:2      | Reached XP level 3. HP: 3/30 MP: 0/5
  1194 | D:2      | Noticed Robin
  1352 | D:2      | Noticed Natasha
  1358 | D:2      | Killed Natasha
  1359 | D:2      | Reached XP level 4. HP: 37/37 MP: 0/6
  1437 | D:2      | Reached skill level 3 in Fighting
  1477 | D:2      | Noticed Sigmund
  1555 | D:2      | Killed Sigmund
  1556 | D:2      | Reached skill level 4 in Fighting
  1556 | D:2      | Reached skill level 6 in Necromancy
  1556 | D:2      | Reached XP level 5. HP: 43/47 MP: 2/7
  1695 | D:2      | Reached XP level 6. HP: 53/53 MP: 0/8
  1819 | D:2      | Noticed Natasha
  1824 | D:2      | Killed Natasha
  2788 | D:3      | Reached skill level 5 in Fighting
  2873 | D:3      | You fall into a shaft and drop 2 floors!
  2873 | D:5      | Entered Level 5 of the Dungeon
  2897 | D:5      | Reached skill level 7 in Necromancy
  2989 | D:5      | Found a glowing drain.
  3034 | Sewer    | Entered a sewer
  3084 | Sewer    | Reached XP level 7. HP: 61/61 MP: 2/9
  3124 | Sewer    | Noticed Pargi
  3143 | Sewer    | Killed Pargi
  3144 | Sewer    | Reached skill level 6 in Fighting
  3520 | D:4      | Noticed Pikel
  3752 | D:4      | Reached skill level 8 in Necromancy
  3772 | D:4      | Learned a level 4 spell: Animate Dead
  3801 | D:4      | Found a radiant altar of Vehumet.
  4409 | D:3      | Identified a potion of resistance
  4414 | D:3      | HP: 6/64 [Pikel/+2 whip of flaming (1)]
  4687 | D:4      | Noticed Duvessa
  4700 | D:4      | Noticed Dowan
  4739 | D:3      | HP: 6/64 [Pikel/+2 whip of flaming (7)]
  4740 | D:3      | Killed Pikel
  4741 | D:3      | Reached skill level 7 in Fighting
  4741 | D:3      | Reached skill level 9 in Necromancy
  4741 | D:3      | Reached XP level 8. HP: 4/74 MP: 10/10
  5131 | D:4      | Reached skill level 8 in Fighting
  5313 | D:4      | Killed Dowan
  5976 | D:4      | Found an ancient bone altar of Kikubaaqudgha.
  5977 | D:4      | Found a shimmering blue altar of Sif Muna.
  6623 | D:4      | HP: 7/74 [poisoned by a gnoll]
  6623 | D:4      | HP: 2/74 [gnoll/+0 club[a gnoll bouda] (5)]
  6625 | D:4      | Succumbed to a gnoll's poison

Vanquished Creatures
  Pikel (D:3)
  Sigmund (D:2)
  An ice beast (D:4)
  Pargi (Sewer)
  An ogre (D:5)
  A lemure (D:5)
  A phantom (D:4)
  A kobold brigand (Sewer)
  Dowan (D:4)
  A howler monkey (D:3)
  2 jellies
  A gnoll bouda (D:4)
  A hound (D:3)
  Natasha (thrice) (D:2)
  3 gnolls (D:4)
  11 adders
  4 river rats (D:5)
  A ribbon worm (D:5)
  7 orcs
  5 ball pythons
  2 bats (D:1)
  8 endoplasms
  5 giant cockroaches
  8 goblins
  7 hobgoblins
  7 jackals
  5 quokkas
  3 frilled lizards
  11 kobolds
  6 rats
110 creatures vanquished.

Vanquished Creatures (collateral kills)
  An endoplasm (D:2)
  A giant cockroach (D:1)
  A quokka (D:3)
3 creatures vanquished.

Vanquished Creatures (others)
  An orc zombie (D:4)
1 creature vanquished.

Grand Total: 114 creatures vanquished

Table legend: (Time is in decaauts)
 A = Elapsed time spent in this place.
 B = Non-inter-level travel time spent in this place.
 C = Inter-level travel time spent in this place.
 D = Time resting spent in this place.
 E = Time spent auto-exploring this place.
 F = Levels seen in this place.
 G = Mean time per level.
                   A        B        C        D        E       F      G
               +--------+--------+--------+--------+--------+-----+--------+
         Total |   6712 |   6521 |    191 |   1201 |   3801 |   6 | 1118.7 |
       Dungeon |   6370 |   6179 |    191 |   1099 |   3683 |   5 | 1274.0 |
         Sewer |    341 |    341 |      0 |    102 |    118 |   1 |  341.0 |
               +--------+--------+--------+--------+--------+-----+--------+

Top non-repeatable levels by time:
     D:3: 2203 daAuts
     D:4: 1476 daAuts
     D:2: 1181 daAuts
     D:1: 961 daAuts
     D:5: 546 daAuts
   Sewer: 341 daAuts

Table legend:
 A = Non-vault XP
 B = Vault XP
 C = Vault XP percentage of total XP
 D = Non-vault monster count
 E = Vault monster count
 F = Vault count percentage of total count
                 A         B        C        D         E       F
            +---------+---------+-------+---------+---------+-------
      Total |     846 |    1366 |  61.8 |      80 |      32 |  28.6
            +---------+---------+-------+---------+---------+-------
        D:1 |      33 |       0 |   0.0 |      19 |       0 |   0.0
        D:2 |     109 |     277 |  71.8 |      14 |      11 |  44.0
        D:3 |     198 |     629 |  76.1 |      21 |       1 |   4.5
        D:4 |     377 |      69 |  15.5 |      24 |       1 |   4.0
        D:5 |     129 |     100 |  43.7 |       2 |      10 |  83.3
      Sewer |       0 |     291 | 100.0 |       0 |       9 | 100.0
            +---------+---------+-------+---------+---------+-------
